 Dungeon Crawl Stone Soup version 0.21-a0-471-gd587bd5 (webtiles) character file.

1756 kae the Insei (level 8, 0/67 HPs)
             Began as a Pale Draconian Transmuter on Nov 21, 2017.
             Was a Follower of Wu Jian.
             Slain by an orc
             ... wielding a +0 dagger
              (1 damage)
             ... on level 6 of the Dungeon.
             The game lasted 00:07:29 (6802 turns).

kae the Insei (Pale Draconian Transmuter)           Turns: 6802, Time: 00:07:30

Health: 0/67       AC:  6    Str: 12    XL:     8   Next: 78%
Magic:  14/15      EV: 17    Int: 14    God:    Wu Jian [*.....]
Gold:   332        SH:  0    Dex: 19    Spells: 5/16 levels left

rFire    . . .     SeeInvis .   h - +3 spear
rCold    . . .     Gourm    .   (no shield)
rNeg     . . .     Faith    .   (armour unavailable)
rPois    .         Spirit   .   (helmet restricted)
rElec    .         Reflect  .   (no cloak)
rCorr    .         Harm     .   (no gloves)
MR       .....                  (no boots)
Stlth    +++.......             (no amulet)
HPRegen  0.21/turn              g - ring of wizardry
MPRegen  0.14/turn              (no ring)

@: agile, flying
A: breathe steam, unfitting armour, cold-blooded, AC +6
a: Breathe Steam, Renounce Religion


You were on level 6 of the Dungeon.
You worshipped Wu Jian.
Wu Jian was aware of your devotion.
You were very hungry.

You visited 2 branches of the dungeon, and saw 7 of its levels.

You collected 332 gold pieces.

Inventory:

Hand Weapons
 e - a +0 club
 h - a +3 spear (weapon)
Missiles
 a - 67 arrows
Jewellery
 g - a ring of wizardry (left hand)
Wands
 n - a wand of polymorph (15)
 u - a wand of iceblast (10)
Scrolls
 f - 3 scrolls of fog
 i - 2 scrolls of amnesia
 r - 2 scrolls of remove curse
 s - 2 scrolls of random uselessness
 t - a scroll of identify
Potions
 j - a potion of lignification
 k - a potion of flight
 l - a potion of might
 m - a potion of cancellation {unknown}
 q - a potion of curing {unknown}
Books
 b - a book of Changes

   Spells                             Type                      Level
   a - Beastly Appendage              Transmutation                1
   b - Sticks to Snakes               Transmutation                2
   c - Spider Form                    Transmutation/Poison         3
   d - Ice Form                       Ice/Transmutation            4
   e - Blade Hands                    Transmutation                5
Comestibles
 c - 3 bread rations
 o - a meat ration


   Skills:
 + Level 4.9 Fighting
 - Level 1.7 Dodging
 * Level 7.2 Unarmed Combat
 + Level 4.6 Spellcasting
 * Level 6.8 Transmutations


You had 5 spell levels left.
You knew the following spells:

 Your Spells              Type           Power        Failure   Level  Hunger
a - Beastly Appendage     Tmut           ###...       1%          1    None
b - Sticks to Snakes      Tmut           ###.....     1%          2    ##.....
c - Spider Form           Tmut/Pois      ##........   5%          3    ###....
d - Blade Hands           Tmut           ###.......   12%         5    ######.


Dungeon Overview and Level Annotations

Branches:
Dungeon (6/15)             Temple (1/1) D:5

Altars:
Gozag
Kikubaaqudgha
Nemelex Xobeh
Qazlal
Ru
Uskayaw
Vehumet
Wu Jian
Yredelemnul
Zin
The Shining One

Annotations:
D:5 Tux's ghost, novice MfGl
D:6 Pikel


Innate Abilities, Weirdness & Mutations

You can breathe blasts of scalding, opaque steam.
Your pale cyan-grey scales are hard. (AC +6)
You cannot fit into any form of body armour.
You are cold-blooded and may be slowed by cold attacks.


Message History

Okay, then.
It was a potion of flight.
You feel very buoyant.
You fly up into the air.
The howler monkey barely misses you.
The centaur shoots an arrow.
The arrow closely misses you.
The gnoll shouts!
The centaur shoots an arrow.
The arrow hits you!
* * * LOW HITPOINT WARNING * * *
The orc warrior misses you.
The howler monkey hits you but does no damage.
An iguana comes into view.
You see here an arrow.
You spin and attack the orc.
You completely miss the orc.
The centaur unwields an uncursed shortbow.
The centaur hits you.
* * * LOW HITPOINT WARNING * * *
The howler monkey hoots and howls with incredible vigour!
The orc barely misses you. The centaur barely misses you.
The orc hits you with a dagger.
You die...

,** **#<....=#.* ,*** #.#......*
***** ,,,***######*#.......#*
*,,,* ,,,,,,......##...#....**
*,,,*
,,,*,,.#....#รท.#.#....,****,,,*
**,***......#))#.#.###..,,,,,,*
,*,****#......##......,,,,,,,,*
,*,,* ###......o..#*******,,,*
***,** #.....#.@o.# *,,,* *
*,,####.#...gcoo.# *,,,*
**,,..........O#h# *****
***,,,.#...l.[[..#K#
,,,,**##.....<.g#g.# *****
#.........#p## *
***##.........g(#
***,,.............#
**,,*##..........(#


You could see Pikel, an orc warrior, an ogre, a slave, a centaur, a howler
monkey, an iguana, 3 gnolls and 3 orcs.

Vanquished Creatures
  Grinder (D:3)
  Sigmund (D:2)
  3 slaves
  A sky beast (D:5)
  An ice beast (D:4)
  A phantom (D:4)
  3 ogres (D:5)
  A gnoll sergeant (D:5)
  A bullfrog (D:5)
  2 scorpions
  A water moccasin skeleton (D:5)
  A howler monkey (D:6)
  A crimson imp (D:5)
  4 hounds
  A centaur zombie (D:6)
  An orc wizard (D:5)
  Ijyb (D:3)
  Jessica (D:2)
  A bullfrog skeleton (D:4)
  Natasha (twice) (D:3)
  A worker ant (D:5)
  A hound skeleton (D:4)
  8 gnolls
  5 adders
  A shadow imp (D:6)
  An adder zombie (D:5)
  An adder skeleton (D:5)
  5 worms
  5 dart slugs
  A leopard gecko (D:4)
  7 orcs
  3 giant cockroaches
  2 goblins
  8 hobgoblins
  7 jackals
  6 kobolds
  3 ball pythons (D:1)
  8 bats
  2 frilled lizards
  3 quokka skeletons
  20 rats
127 creatures vanquished.

Vanquished Creatures (collateral kills)
  A goblin (D:3)
1 creature vanquished.

Grand Total: 128 creatures vanquished

Notes
Turn   | Place    | Note
-------+----------+-------------------------------------------
     0 | D:1      | kae the Draconian Transmuter began the quest for the Orb.
     0 | D:1      | Reached XP level 1. HP: 16/16 MP: 3/3
   159 | D:1      | Reached XP level 2. HP: 23/23 MP: 3/5
   647 | D:1      | Reached XP level 3. HP: 28/28 MP: 6/6
   715 | D:1      | You fall through a shaft!
  1304 | D:2      | Learned a level 2 spell: Sticks to Snakes
  1309 | D:2      | Learned a level 3 spell: Spider Form
  1416 | D:2      | Noticed Sigmund
  1462 | D:2      | Killed Sigmund
  1462 | D:2      | Reached skill level 4 in Unarmed Combat
  1462 | D:2      | Reached XP level 4. HP: 16/37 MP: 3/8
  1462 | D:2      | Reached XP level 5. HP: 18/42 MP: 3/9
  1702 | D:2      | Found a faded altar of an unknown god.
  1769 | D:2      | Found a hide-covered altar of Uskayaw.
  1776 | D:2      | Noticed Jessica
  1782 | D:2      | Killed Jessica
  1854 | D:2      | Reached XP level 6. HP: 42/50 MP: 10/10
  1895 | D:2      | Learned a level 5 spell: Blade Hands
  2186 | D:3      | Found a stormy altar of Qazlal.
  2186 | D:3      | Noticed Grinder
  2223 | D:3      | Noticed Ijyb
  2251 | D:3      | Killed Ijyb
  2555 | D:3      | Found a glowing silver altar of Zin.
  2563 | D:3      | Found an opulent altar of Gozag.
  2673 | D:3      | Noticed Natasha
  2685 | D:3      | Killed Natasha
  2881 | D:3      | Noticed Natasha
  2885 | D:3      | Killed Natasha
  2934 | D:3      | Killed Grinder
  2934 | D:3      | Reached skill level 5 in Unarmed Combat
  2934 | D:3      | Your scales start taking on a pale cyan-grey colour.
  2934 | D:3      | Reached XP level 7. HP: 38/57 MP: 8/12
  3361 | D:4      | Reached skill level 5 in Transmutations
  3720 | D:4      | Found a basalt altar of Yredelemnul.
  3948 | D:4      | Found an ancient bone altar of Kikubaaqudgha.
  3950 | D:4      | Found a radiant altar of Vehumet.
  3950 | D:4      | Found a sparkling altar of Nemelex Xobeh.
  3951 | D:4      | Found an ornate altar of the Wu Jian Council.
  3952 | D:4      | Found a glowing golden altar of the Shining One.
  4005 | D:4      | Became a worshipper of the Wu Jian Council
  4424 | D:5      | Entered Level 5 of the Dungeon
  4467 | D:5      | Reached skill level 6 in Unarmed Combat
  4627 | D:5      | Noticed Tux's ghost (novice MfGl)
  5090 | D:5      | Found a sacrificial altar of Ru.
  5163 | D:5      | Found a staircase to the Ecumenical Temple.
  5182 | D:5      | Reached XP level 8. HP: 24/66 MP: 9/14
  6381 | D:6      | Reached skill level 7 in Unarmed Combat
  6388 | D:6      | Reached * piety under Wu Jian
  6418 | D:6      | Noticed Pikel
  6723 | Temple   | Entered the Ecumenical Temple
  6802 | D:6      | HP: 1/67 [centaur (6)]
  6802 | D:6      | Slain by an orc

Vault maps used:
D:1:      erik_arrival_orb_chamber
D:2:      lemuel_round_altar, chequers_ecumenical_altar_simple,
          kennysheep_generic_room_7, uniq_jessica, uniq_sigmund
D:3:      overflow_temple_1_default, nicolae_gozag_seed_capital,
          nicolae_qazlal_general_emergency, kennysheep_generic_room_2,
          uniq_grinder, uniq_natasha, uniq_ijyb
D:4:      grunt_temple_overflow_open, lemuel_round_altar,
          minmay_misc_feat_ornament
D:5:      nicolae_ru_awakened_eye, minmay_temple_entry_overgrown, first_bread,
          minmay_misc_feat_tiny, grunt_ministairs_12
D:6:      brannock_xom_greatest_gift, uniq_pikel
Temple:   jpeg_temple_island

Skill      XL: |  1  2  3  4  5  6  7  8 |
---------------+-------------------------+-----
Fighting       | 2 3 4 |  4.9
Unarmed Combat | 4 5 6 7 |  7.2
Transmutations | 3 4 5 6 |  6.8
Spellcasting   | 3 4 |  4.6
Dodging        | |  1.7

Action                   |  1- 3 |  4- 6 |  7- 9 || total
-------------------------+-------+-------+-------++-------
Melee: Unarmed           |    28 |    18 |    67 ||   113
       Club              |    28 |       |       ||    28
       Tailslap          |    13 |    10 |    33 ||    56
       Headbutt          |     8 |       |     3 ||    11
       Punch             |     2 |       |     4 ||     6
       Spear             |    68 |   105 |   226 ||   399
       Kick              |       |     2 |     4 ||     6
 Cast: Beastly Appendage |     7 |     2 |     4 ||    13
       Spider Form       |     1 |     2 |     9 ||    12
       Sticks to Snakes  |       |     1 |     6 ||     7
  Use: Scroll            |     4 |     1 |     5 ||    10
       Potion            |       |       |     3 ||     3
 Stab: Sleeping          |       |     1 |     3 ||     4
  Eat: Chunk             |     1 |     6 |    13 ||    20
Armor: Skin              |    36 |    30 |    67 ||   133
Dodge: Dodged            |    78 |    61 |   172 ||   311

Table legend:
 A = Spawn XP
 B = Non-spawn XP
 C = Spawn XP percentage of total XP
 D = Spawn monster count
 E = Non-spawn monster count
 F = Spawn count percentage of total count
 G = Total turns spent on level
                    A         B        C        D         E        F      G
               +---------+---------+-------+---------+---------+-------+---------
         Total |       0 |    2509 |   0.0 |       0 |     125 |   0.0 |  6802
               +---------+---------+-------+---------+---------+-------+---------
           D:1 |       0 |      55 |   0.0 |       0 |      36 |   0.0 |  1228
           D:2 |       0 |     326 |   0.0 |       0 |      14 |   0.0 |   819
           D:3 |       0 |     479 |   0.0 |       0 |      23 |   0.0 |  1284
           D:4 |       0 |     416 |   0.0 |       0 |      16 |   0.0 |  1317
           D:5 |       0 |    1010 |   0.0 |       0 |      26 |   0.0 |  2049
           D:6 |       0 |     223 |   0.0 |       0 |      10 |   0.0 |   103
               +---------+---------+-------+---------+---------+-------+---------
